cohdb
Replays
Latest Replays
All Replays
Popular Replays
Top Player Replays
Match Explorer
How It Works
Community
CoH3 Stats
Reddit
Sign in to upload your games and track your stats! →
Sign in with Steam
Match 42903913
Unlisted
Match 42903913
Overview
Messages
Build Orders
End
Construct Infanterie Kompanie
Grenadier Squad
GrW 34 Mortar Team
MG 42 Machine Gun Team
Grenadier Squad
Construct Panzergrenadier Kompanie
Panzergrenadier Squad
Pak 40 Anti-tank Gun Team
Medical Station
Construct Panzer Kompanie
Panzer IV Medium Tank
Stoßtruppen Squad
2StrokeColdSmoke
Synchrotron
Ghost.Wick
killall
BLOOD ANGELS
Madiest Medic
0
0
Comments
sign in to comment!
No comments posted yet!